 Dungeon Crawl Stone Soup version 0.17.1-3-g152610e (webtiles) character file.

606 Jerry the Skirmisher (level 7, 0/63 HPs)
             Began as a Hill Orc Fighter on Mar 11, 2016.
             Slain by an ogre
             ... wielding a +0 giant club
              (13 damage)
             ... on level 5 of the Dungeon.
             The game lasted 00:09:25 (4008 turns).

Jerry the Skirmisher (Hill Orc Fighter)             Turns: 4008, Time: 00:09:27

Health: 0/63       AC: -3    Str: 21    XL:     7   Next: 42%
Magic:  7/7        EV:  7    Int:  8    God:
Gold:   232        SH: 10    Dex: 10    Spells: 0 memorised, 6 levels left

rFire  . . .     SeeInvis .     a - +0 war axe
rCold  . . .     Clarity  .     b - +0 scale mail
rNeg   + . .     SustAt   .     c - +0 shield
rPois  .         Gourm    .     (no helmet)
rElec  .         Spirit   .     (no cloak)
rCorr  .         Warding  .     (no gloves)
rMut   .         Stasis   .     l - +0 pair of boots
MR     .....                    (no amulet)
Stlth  ..........               (no ring)
                                r - ring of positive energy

@: corroded equipment, not resistant to hostile enchantments, extremely
unstealthy
A: no striking features
a: no special abilities


You were on level 5 of the Dungeon.
You were very hungry.

You visited 1 branch of the dungeon, and saw 5 of its levels.

You collected 232 gold pieces.

Inventory:

Hand Weapons
 a - a +0 war axe (weapon)
Armour
 b - a +0 scale mail (worn)
 c - a +0 shield (worn)
 l - a +0 pair of boots (worn)
Jewellery
 r - a ring of positive energy (left hand)
Scrolls
 f - 3 scrolls of remove curse
 g - 8 scrolls of identify
 h - a scroll of recharging {unknown}
 m - a scroll of amnesia {unknown}
 o - 4 scrolls of teleportation {unknown}
 p - 2 scrolls of enchant weapon {unknown}
 s - a scroll of magic mapping {unknown}
 t - a scroll of blinking {unknown}
 v - 2 scrolls of fog {unknown}
 x - a scroll of fear {unknown}
Potions
 d - a potion of heal wounds
 k - a potion of flight {unknown}
 n - a potion of invisibility {unknown}
 q - a potion of brilliance {unknown}
 w - a potion of resistance {unknown}
Comestibles
 e - 2 bread rations
 i - 2 fruits
 j - 2 meat rations
 u - a slice of pizza


   Skills:
 + Level 6.1 Fighting
 + Level 5.3 Axes
 + Level 5.3 Armour
 + Level 5.5 Shields


You had 6 spell levels left.
You didn't know any spells.

Dungeon Overview and Level Annotations

Branches:
Dungeon (5/15)             Temple (0/1) D:4

Altars:
Trog


Message History

You block the ogre's attack.
Your shield prevents you from hitting the ogre.
The ogre is severely wounded.
You hit the jelly but do no damage. The acid corrodes you!
Your hands burn!
The jelly hits you but does no damage. The ogre closely misses you.
You barely miss the ogre.
The ogre is severely wounded.
You hit the jelly.
Your hands burn!
The jelly is moderately wounded.
The jelly hits you.
You are splashed with acid!
The acid burns!
You block the ogre's attack. The jelly hits you.
You are splashed with acid!
The acid corrodes you!
The acid burns!
* * * LOW HITPOINT WARNING * * *
You slash the ogre!
The ogre is almost dead.
You hit the jelly but do no damage. The acid corrodes you!
Your hands burn!
* * * LOW HITPOINT WARNING * * *
The jelly is moderately wounded.
The ogre hits you with a giant club!
You die...

....#...# ....#
...###..# #..# ....
#..# ##.#
.....#..####..#
#.......#...######.
###.........%......
##..####.........
#.## #......... #.
#.@.###... #.
#.JO...# #.
.........# ..
.............
...............
...............
...............
...............


You could see an ogre and a jelly.

Vanquished Creatures
  The ghost of Clownie the Poker, an amateur MfEn of Gozag (D:3)
  An ogre (D:2)
  A water moccasin skeleton (D:4)
  A giant frog skeleton (D:4)
  An iguana (D:4)
  An orc priest (D:4)
  An orc wizard (D:4)
  Jessica (D:2)
  8 adders
  2 worms
  A giant gecko (D:3)
  7 orcs
  2 giant cockroaches
  8 hobgoblins
  5 bats
  4 giant newts
  4 goblins
  2 jackals (D:1)
  9 kobolds
  4 quokkas
  8 rats
72 creatures vanquished.

Notes
Turn   | Place    | Note
--------------------------------------------------------------
     0 | D:1      | Jerry the Hill Orc Fighter began the quest for the Orb.
     0 | D:1      | Reached XP level 1. HP: 19/19 MP: 1/1
   166 | D:1      | Reached XP level 2. HP: 27/27 MP: 2/2
   510 | D:2      | Reached skill level 4 in Fighting
   617 | D:2      | Reached XP level 3. HP: 33/33 MP: 3/3
   728 | D:2      | Noticed Jessica
   739 | D:2      | Killed Jessica
   739 | D:2      | Reached XP level 4. HP: 4/41 MP: 4/4
  1045 | D:2      | Found a bloodstained altar of Trog.
  1682 | D:2      | Noticed an ogre
  1691 | D:2      | Killed an ogre
  1691 | D:2      | Reached XP level 5. HP: 13/47 MP: 5/5
  2075 | D:3      | Noticed Clownie's ghost (amateur MfEn)
  2095 | D:3      | Killed Clownie's ghost
  2095 | D:3      | Reached skill level 5 in Fighting
  2095 | D:3      | Reached skill level 5 in Shields
  2095 | D:3      | Reached XP level 6. HP: 21/56 MP: 6/6
  2541 | D:3      | Reached skill level 5 in Armour
  2902 | D:4      | Reached skill level 5 in Axes
  2902 | D:4      | Reached XP level 7. HP: 57/61 MP: 7/7
  3346 | D:4      | Reached skill level 6 in Fighting
  3712 | D:4      | Found a staircase to the Ecumenical Temple.
  3948 | D:5      | Entered Level 5 of the Dungeon
  4008 | D:5      | Slain by an ogre

Action                   |  1- 3 |  4- 6 |  7- 9 || total
-------------------------+-------+-------+-------++-------
Melee: War axe           |    70 |   122 |    72 ||   264
  Use: Potion            |     1 |     1 |       ||     2
       Scroll            |       |     3 |       ||     3
  Eat: Chunk             |       |     4 |     4 ||     8
       Fruit             |       |     1 |       ||     1
